 Dungeon Crawl Stone Soup version 0.31.0-1-g2c135a0 (webtiles) character file.

Game seed: 792114276377022756

149 ttag the Chopper (level 5, -1/47 HPs)
             Began as a Minotaur Berserker on Feb 24, 2024.
             Was a Believer of Trog.
             Incinerated by a bombardier beetle (4 damage)
             ... with a burning spray
             ... on level 4 of the Dungeon.
             The game lasted 00:05:39 (2309 turns).

ttag the Chopper (Minotaur Berserker)               Turns: 2309, Time: 00:05:40

Health: -1/47      AC: 12    Str: 23    XL:     5   Next: 9%
Magic:  4/4        EV: 12    Int:  4    God:    Trog [**....]
Gold:   158        SH:  0    Dex: 10    Spells: 4/4 levels left

rFire   . . .        s - +0 battleaxe
rCold   . . .        (shield currently unavailable)
rNeg    . . .        D - +0 plate armour
rPois   .            (helmet restricted)
rElec   .            (no cloak)
rCorr   +            (no gloves)
SInv    .            c - +0 pair of boots
Will    .....        k - amulet of faith Stlth
                     h - +5 ring of evasion
HPRegen 0.27/turn    n - ring of resist corrosion
MPRegen 0.09/turn

%: faith
@: mighty, on fire, glowing
A: horns 2, retaliatory headbutt
a: Renounce Religion, Berserk, Trog's Hand


You were on level 4 of the Dungeon.
You worshipped Trog.
Trog was pleased with you.
You visited 1 branch of the dungeon, and saw 4 of its levels.

You collected 218 gold pieces.
You spent 60 gold pieces at shops.

Inventory:

Hand Weapons
 a - a +0 hand axe
 s - a +0 battleaxe (weapon)
Missiles
 l - 6 javelins
 x - 3 boomerangs (quivered)
Armour
 b - a +0 animal skin
 c - a +0 pair of boots (worn)
 d - a +0 chain mail
 w - a scarf of shadows
 D - a +0 plate armour (worn)
Jewellery
 h - a +5 ring of evasion (left hand)
 k - an amulet of faith (around neck)
 n - a ring of resist corrosion (right hand)
Wands
 E - a wand of charming (5)
Scrolls
 e - a scroll of identify
 i - a scroll of enchant weapon {unknown}
 j - a scroll of noise {unknown}
 m - 3 scrolls of blinking {unknown}
 p - a scroll of vulnerability {unknown}
 y - a scroll of fear {unknown}
 z - 2 scrolls of teleportation
Potions
 f - a potion of enlightenment {unknown}
 g - a potion of invisibility {unknown}
 o - 3 potions of brilliance
 q - a potion of might
 r - a potion of cancellation {unknown}
 t - a potion of berserk rage {unknown}
 u - a potion of curing {unknown}
 v - a potion of heal wounds {unknown}
 A - a potion of mutation {unknown}
 B - a potion of haste {unknown}
 C - a potion of attraction {unknown}


   Skills:
 * Level 4.8 Fighting
 * Level 5.4 Axes
 * Level 3.7 Armour
 + Level 2.3 Dodging


You had 4 spell levels left.
You didn't know any spells.
Your spell library contained the following spells:

 Spells                   Type           Power      Damage    Failure   Level
 Apportation              Tloc           0%         N/A       100%        1
 Shock                    Conj/Air       0%         1d3       100%        1
 Jinxbite                 Hex            0%         N/A       100%        2
 Swiftness                Air            0%         N/A       100%        3
 Airstrike                Air            0%         2d(0-16)  100%        4
 Alistair's Intoxication  Alch           0%         N/A       100%        5
 Yara's Violent Unravell  Hex/Alch       0%         3d3       100%        5
 Enfeeble                 Hex            0%         N/A       100%        7


Dungeon Overview and Level Annotations

Branches:
Dungeon (4/15)
 Temple: D:4-7

Altars:

Shops:
D:3 ?


Innate Abilities, Weirdness & Mutations

You have a pair of horns on your head.
You reflexively headbutt those who attack you in melee.


Message History

You barely miss the bombardier beetle. The liquid fire burns you!
The bombardier beetle bites you but does no damage.
You barely miss the bombardier beetle. You headbutt the bombardier beetle!
The bombardier beetle is heavily wounded.
The liquid fire burns you!
The bombardier beetle sprays incendiary fluid at you.
The burning spray hits you.
You are even more covered in liquid fire!
You slash the bombardier beetle!
You kill the bombardier beetle!
Trog accepts your kill. The liquid fire burns you!
You have reached level 5!
You are on fire!
You shake off some of the fire as you move.
The liquid fire burns you!
You shake off some of the fire as you move.
The liquid fire burns you!
You shake off some of the fire as you move.
The liquid fire burns you!
You shake off some of the fire as you move.
The liquid fire burns you!
* * * LOW HITPOINT WARNING * * *
There is an open door here.
You shake off some of the fire as you move.
The liquid fire burns you!
* * * LOW HITPOINT WARNING * * *
You shake off some of the fire as you move.
The liquid fire burns you!
* * * LOW HITPOINT WARNING * * *
As you read the scroll of identify, it crumbles to dust.
o - 3 potions of brilliance The liquid fire burns you!
* * * LOW HITPOINT WARNING * * *
Okay, then.
It was a potion of might.
You feel very mighty all of a sudden. The liquid fire burns you!
You die...

#.........#.#.......#.
####...####.##.######.
#...# #.#..# .. #...#
#.##.# ##
####+####...####.##.#
#≈≈≈§≈≈≈#........##.#
#
#≈≈..§§≈#...#######.#
#§. #§§§#...# ..#
+..###§.'.@.# ###
#≈[.#§.≈#...#
#≈≈...≈§#.......
#≈≈≈.≈≈≈#.##.....
####+####.# ...... #.#
...... ..# ..... #####
### ..... #.... #####


There were no monsters in sight!

Vanquished Creatures
  A bombardier beetle (D:4)
  A hound (D:4)
  An iguana (D:4)
  An adder (D:3)
  A ribbon worm (D:3)
  An orc (D:3)
  3 ball pythons
  2 endoplasms
  3 giant cockroaches
  6 goblins
  6 hobgoblins
  4 jackals (D:2)
  A quokka (D:2)
  6 bats
  A frilled lizard (D:1)
  4 kobolds
  2 rats (D:1)
44 creatures vanquished.

Notes
Turn   | Place    | Note
-------+----------+-------------------------------------------
     0 | D:1      | ttag the Minotaur Berserker began the quest for the Orb.
     0 | D:1      | Reached XP level 1. HP: 19/19 MP: 0/0
   236 | D:1      | Reached XP level 2. HP: 27/27 MP: 1/1
   274 | D:1      | Reached skill level 4 in Axes
   654 | D:2      | Reached ** piety under Trog
   660 | D:2      | Reached XP level 3. HP: 31/33 MP: 2/2
  1563 | D:3      | Found Qeff's Magic Scroll Shop.
  1611 | D:3      | Bought a scroll of teleportation for 36 gold pieces
  1611 | D:3      | Bought a scroll of identify for 24 gold pieces
  1889 | D:4      | Reached XP level 4. HP: 41/41 MP: 3/3
  2021 | D:4      | Reached skill level 5 in Axes
  2302 | D:4      | Reached XP level 5. HP: 27/47 MP: 4/4
  2309 | D:4      | Incinerated by a bombardier beetle

Illustrated notes

Levels and vault maps discovered:
D:1:      lightli_arrival_statue_moat, layout_basic, kennysheep_crisscross
D:2:      cheibrodos_helix_gallery, layout_loops_corners
D:3:      layout_rooms, serial_shops, shop
D:4:      layout_basic, serial_glass, glass_columns_b, glass_columns_a,
          glass_columns_a, glass_columns_b, dk_vineyard_1,
          kennysheep_generic_room_8

Skill      XL: |  1  2  3  4 |
---------------+-------------+-----
Fighting       | 4 |  4.8
Axes           | 4 5 |  5.4
Armour         | 3 |  3.7
Dodging        | |  2.3

Action                     |  1- 3 |  4- 6 || total
---------------------------+-------+-------++-------
  Melee: Hand axe          |    45 |       ||    45
         Headbutt          |     7 |     4 ||    11
         Battleaxe         |    12 |    19 ||    31
    Use: Scroll            |       |     1 ||     1
         Potion            |       |     1 ||     1
 Armour: Chain mail        |    38 |     5 ||    43
         Animal skin       |     2 |       ||     2
         Plate armour      |       |     7 ||     7
  Dodge: Dodged            |    51 |     9 ||    60
